 Dungeon Crawl Stone Soup version 0.24-a0-130-ga3c21ff (webtiles) character file.

Game seed: 0

123349 Ijustatesigmund the Severer (level 16, 0/240 HPs)
             Began as a Deep Dwarf Berserker on Feb 25, 2019.
             Was a Priest of Trog.
             Succumbed to a wolf spider's poison
             ... on level 1 of the Spider Nest on Feb 26, 2019.
             The game lasted 01:54:48 (33170 turns).

Ijustatesigmund the Severer (Deep Dwarf Berserker) Turns: 33170, Time: 01:54:49

Health: 0/240      AC: 28    Str: 21    XL:     16   Next: 36%
Magic:  18/18      EV:  2    Int: 10    God:    Trog [***...]
Gold:   1822       SH: 20    Dex: 17    Spells: 15/15 levels left

rFire    . . .     SeeInvis .   F - +5 hand axe (flame)
rCold    + . .     Gourm    .   S - +0 large shield
rNeg     + + +     Faith    .   (armour currently unavailable)
rPois    +         Spirit   .   (helmet currently unavailable)
rElec    .         Reflect  .   (cloak currently unavailable)
rCorr    .         Harm     .   (gloves currently unavailable)
MR       ++++.     NoTele   +   (boots currently unavailable)
Stlth    ++........             H - amulet of the acrobat
HPRegen  1.00/turn              s - +5 ring of evasion
MPRegen  0.16/turn              E - ring of protection from cold

@: lethally poisoned (0 -> -5), tree-form, berserk cooldown, acrobat,
non-regenerating, slowed, very slow
A: damage resistance, heal wounds, negative energy resistance 1, sense
surroundings 3, screaming 1, no regeneration
a: Heal Wounds, Berserk, Trog's Hand, Renounce Religion


You were on level 1 of the Spider Nest.
You worshipped Trog.
Trog was most pleased with you.
You were hungry.
You were a tree.
You visited 5 branches of the dungeon, and saw 26 of its levels.
You also visited: Gauntlet, Ice Cave and Volcano.

You collected 2683 gold pieces.
You spent 861 gold pieces at shops.

Inventory:

Hand Weapons
 m - a +1 vampiric whip
 F - a +5 hand axe of flaming (weapon)
Missiles
 h - 9 javelins
 A - 4 poisoned javelins (quivered)
Armour
 u - +2 fire dragon scales (melded)
 v - a +1 hat (melded)
 B - a +1 plate armour of poison resistance
 D - a +2 pair of gloves of strength (melded)
 K - a +0 pair of boots of stealth (melded)
 N - a +0 cloak (melded)
 S - a +0 large shield (worn)
Jewellery
 j - a +3 ring of protection
 k - an uncursed ring of positive energy
 n - an uncursed ring of protection from magic
 s - a +5 ring of evasion (left branch)
 y - an uncursed ring of positive energy
 E - a ring of protection from cold (right branch)
 H - an amulet of the acrobat (around neck)
 J - an uncursed ring of fire
 P - an uncursed ring of see invisible
Wands
 e - a wand of paralysis (17)
 l - a wand of disintegration (12)
 o - a wand of iceblast (8)
 x - a wand of digging (4)
 z - a wand of random effects (25)
 G - a wand of clouds (1)
 I - a wand of polymorph (4)
 L - a wand of acid (4)
 Q - a wand of scattershot (6)
Scrolls
 a - 8 scrolls of identify
 d - 4 scrolls of teleportation
 g - a scroll of fog
 r - 10 scrolls of remove curse
 M - 2 scrolls of enchant weapon
 R - 2 scrolls of magic mapping
 T - a scroll of holy word
 U - 2 scrolls of fear
 Z - a scroll of silence
Potions
 b - a potion of magic
 f - 3 potions of haste
 i - 7 potions of flight
 p - 3 potions of lignification
 q - 5 potions of brilliance
 t - 4 potions of might
 w - 2 potions of agility
 C - a potion of cancellation
 W - a potion of resistance
Comestibles
 c - 24 rations


   Skills:
 + Level 14.5 Fighting
 + Level 16.7 Axes
 - Level 6.2 Throwing
 - Level 9.3 Armour
 - Level 9.2 Dodging
 - Level 14.6 Shields
 - Level 7.9 Evocations


You had 15 spell levels left.
You didn't know any spells.
Your spell library was empty.

Dungeon Overview and Level Annotations

Branches:
Dungeon (15/15)            Temple (1/1) D:7            Lair (6/6) D:11
 Shoals (0/4) Lair:2       Spider (2/4) Lair:2        Slime (0/5) Lair:6
    Orc (2/2) D:11            Elf (0/3) Orc:2        Vaults (0/5) D:14
 Depths (0/5) D:15

Altars:
Cheibriados
Elyvilon
Fedhas
Gozag
Hepliaklqana
Nemelex Xobeh
Qazlal
Ru
Trog
Uskayaw
Wu Jian
Xom
Yredelemnul
Zin
The Shining One
Jiyva

Shops:
D:4 =   D:11 (   Orc:1 !   Orc:2 [:}[

Portals:
Trove: D:14 (give +3 shadow dragon scales)

Annotations:
Lair:1 exclusion: 4 oklob plants


Innate Abilities, Weirdness & Mutations

You are resistant to damage.
You can heal yourself by infusing magical energy.
You resist negative energy. (rN+)
You passively map a large area around you.
You do not regenerate.
((You are partially covered in slimy green scales. (AC +2)))
You occasionally shout uncontrollably at your foes.
((You are covered in fur. (AC +1)))


Message History

You feel very sick.
You enter the shallow water.
Moving in this stuff is going to be slow.
* * * LOW HITPOINT WARNING * * *
You feel extremely sick.
You see here a wolf spider corpse.
Really quaff the potion of lignification?
You turn into a tree.
Your +0 cloak melds into your body.
Your +1 hat melds into your body.
Your +2 pair of gloves of strength melds into your body.
Your +0 pair of boots of stealth melds into your body.
Your +2 fire dragon scales melds into your body.
You feel weaker.
You feel less stealthy.
Your roots penetrate the ground.
* * * LOW HITPOINT WARNING * * *
You feel very sick.
* * * LOW HITPOINT WARNING * * *
You feel very sick.
Unknown command.
You die...

#....#≈## ###
#..##...#####≈##
..(#....#.##≈≈≈###
.###...##..≈##≈≈≈#
...#..#≈....≈^#.### ###
.......^##..#...#.# #≈##
.###...##...#.....### ##≈≈#
..#...##....#.....#≈####≈≈##
.^##...##...#..>♣##..##..≈≈#
..#..#.#......####...#..####
#.#....##.......##......###
..#...##.........≈#......≈#
...^###...#.....####...#.##
......###.........#...####
...##.#.≈##..##...#....##
..##....#.....#.........#
.............##..#...#.##


There were no monsters in sight!

Vanquished Creatures
  Rupert (D:12)
  Gastronok (D:12)
  An emperor scorpion (Spider:1)
  A fire giant (D:15)
  The ghost of Nr616 the Grappler, a journeyman TrHu of Makhleb (Lair:6)
  An entropy weaver (Spider:2)
  A deep elf demonologist (D:15)
  A minotaur (Gauntlet)
  A dire elephant (Lair:4)
  A deep elf death mage (D:15)
  Snorg (D:10)
  Josephine (D:12)
  8 vault guards (D:14)
  3 hydras
  A catoblepas (D:15)
  7 death yaks
  An ogre mage (Volcano)
  5 centaur warriors
  7 two-headed ogres
  3 orc high priests (Orc:2)
  A deep elf knight (D:15)
  A sixfirhy (Gauntlet)
  A hell knight (Volcano)
  2 unseen horrors
  A wizard (D:15)
  4 orc knights (Orc:2)
  2 deep elf magi (D:15)
  A necromancer (IceCv)
  6 orc sorcerers
  A wolf spider zombie (D:15)
  2 orb spiders (Spider:1)
  12 wolf spiders
  10 ugly things
  6 cyclopes
  15 elephants
  4 black mambas
  A moth of wrath (Spider:1)
  26 spiny frogs
  An ice statue (IceCv)
  2 torpor snails
  2 gargoyles
  4 yaktaurs (D:15)
  2 rime drakes (Lair:5)
  2 demonic crawlers
  11 freezing wraiths
  5 komodo dragons
  2 ice devils (Lair:5)
  A queen bee (Gauntlet)
  6 jumping spiders
  3 trolls
  3 hornets
  A jumping spider (shapeshifter) (D:15)
  2 wolf spider simulacra (IceCv)
  A raiju (Gauntlet)
  4 tyrant leeches (Lair:6)
  29 blink frogs
  3 slime creatures (D:12)
  A meliai zombie (D:13)
  8 hippogriffs
  2 wyverns
  8 redbacks
  4 tarantellas
  4 shadows (Gauntlet)
  A vampire (D:12)
  A human (D:7)
  Grum (D:8)
  5 basilisks
  4 hogs (D:7)
  7 wraiths
  39 yaks
  3 steam dragons
  13 vampire mosquitoes
  2 hungry ghosts
  Menkaure (D:6)
  A warg (Orc:2)
  7 porcupines
  16 water moccasins
  A black bear (D:6)
  8 ice beasts
  A swamp drake (D:11)
  30 orc warriors
  7 ogres
  A necrophage (D:12)
  3 sky beasts
  3 eyes of draining
  5 phantoms
  14 wolves
  13 centaurs
  A big kobold (D:12)
  19 crocodiles
  38 bullfrogs
  A wyvern skeleton (D:12)
  A scorpion (D:10)
  5 wights (D:14)
  12 killer bees
  A howler monkey (D:7)
  An electric eel (Lair:6)
  3 crimson imps
  A bullfrog zombie (D:12)
  5 centaur zombies
  A quasit (D:7)
  7 draconian simulacra (IceCv)
  22 orc priests
  7 hounds
  4 jellies
  5 centaur skeletons
  3 bullfrog skeletons
  35 orc wizards
  Ijyb (D:3)
  Natasha (D:3)
  3 iguanas
  2 troll simulacra (IceCv)
  16 worker ants
  A polar bear simulacrum (IceCv)
  A wolf simulacrum (IceCv)
  4 spriggan simulacra (IceCv)
  3 centaur simulacra (IceCv)
  A hound skeleton (D:8)
  A worker ant zombie (D:9)
  A howler monkey zombie (D:5)
  11 gnolls
  13 adders
  2 naga simulacra (IceCv)
  2 ogre simulacra (IceCv)
  3 shadow imps
  13 white imps
  3 ufetubi (Gauntlet)
  3 oozes
  2 adder skeletons
  4 worms
  2 dart slugs
  3 leopard geckos
  96 orcs
  5 bats
  3 giant cockroaches
  3 goblins
  6 hobgoblins
  24 jackals
  14 kobolds
  6 quokkas
  2 ball pythons
  3 frilled lizards (D:3)
  A goblin zombie (D:5)
  2 hobgoblin zombies (D:5)
  A jackal skeleton (D:5)
  3 kobold skeletons (D:5)
  An orc skeleton (D:5)
  9 rats
  4 fungi
  2 plants
894 creatures vanquished.

Vanquished Creatures (collateral kills)
  An orc warrior (Orc:1)
  An ogre (Orc:1)
  2 killer bees (Gauntlet)
  2 orc priests
  An orc wizard (Orc:1)
  An orc (D:11)
8 creatures vanquished.

Vanquished Creatures (others)
  A crocodile (D:11)
  An orc priest (D:11)
  An orc wizard (Orc:2)
  An orc (D:9)
  19 fungi
  49 plants
72 creatures vanquished.

Grand Total: 974 creatures vanquished

Notes
Turn   | Place    | Note
-------+----------+-------------------------------------------
     0 | D:1      | Ijustatesigmund the Deep Dwarf Berserker began the quest
                  | for the Orb.
     0 | D:1      | Reached XP level 1. HP: 20/20 MP: 1/1
    76 | D:1      | Reached XP level 2. HP: 25/27 MP: 2/2
   249 | D:1      | Reached skill level 4 in Axes
   569 | D:1      | Reached XP level 3. HP: 26/34 MP: 3/3
   990 | D:2      | Found a stormy altar of Qazlal.
  1447 | D:2      | Noticed an ogre
  1454 | D:2      | Killed an ogre
  1454 | D:2      | Reached skill level 5 in Axes
  1454 | D:2      | Reached XP level 4. HP: 39/44 MP: 4/4
  1454 | D:2      | Reached XP level 5. HP: 45/50 MP: 5/5
  1928 | D:2      | Reached ** piety under Trog
  2172 | D:2      | Found an opulent altar of Gozag.
  2496 | D:3      | Noticed Ijyb
  2507 | D:3      | Killed Ijyb
  2541 | D:3      | Noticed Natasha
  2561 | D:3      | Killed Natasha
  2561 | D:3      | Reached XP level 6. HP: 42/57 MP: 6/6
  2871 | D:3      | Found a white marble altar of Elyvilon.
  2982 | D:3      | Found a snail-covered altar of Cheibriados.
  3013 | D:3      | Reached skill level 6 in Axes
  3561 | D:4      | Found Miheas's Jewellery Shoppe.
  3577 | D:4      | Reached XP level 7. HP: 52/66 MP: 7/7
  3585 | D:4      | Reached *** piety under Trog
  3616 | D:4      | Found a bloodstained altar of Trog.
  3908 | D:4      | Found an ornate altar of the Wu Jian Council.
  4484 | D:5      | Entered Level 5 of the Dungeon
  4719 | D:5      | Reached skill level 5 in Fighting
  4792 | D:5      | Reached skill level 7 in Axes
  4801 | D:5      | Found a blossoming altar of Fedhas.
  4804 | D:5      | Reached XP level 8. HP: 50/74 MP: 8/8
  5473 | D:5      | Reached skill level 5 in Armour
  5613 | D:5      | Found a glowing golden altar of the Shining One.
  5708 | D:5      | Reached skill level 5 in Dodging
  6266 | D:6      | Noticed Menkaure
  6318 | D:6      | Killed Menkaure
  6318 | D:6      | Reached skill level 1 in Evocations
  6637 | D:7      | Reached skill level 8 in Axes
  6673 | D:7      | Noticed a hippogriff
  6682 | D:7      | Killed a hippogriff
  6682 | D:7      | Gained mutation: You passively map the area around you.
                  | [Deep Dwarf growth]
  6682 | D:7      | Reached XP level 9. HP: 55/84 MP: 11/11
  6694 | D:7      | Found a sparkling altar of Nemelex Xobeh.
  6871 | D:7      | Reached **** piety under Trog
  7064 | D:7      | Found a staircase to the Ecumenical Temple.
  7073 | Temple   | Entered the Ecumenical Temple
  7204 | D:7      | Reached skill level 5 in Evocations
  7205 | D:7      | Reached skill level 9 in Axes
  7756 | D:8      | Noticed Grum
  7767 | D:8      | Reached XP level 10. HP: 95/96 MP: 15/15
  7779 | D:8      | Killed Grum
  7806 | D:8      | Reached skill level 10 in Axes
  8319 | D:9      | Received a gift from Trog
  8389 | D:9      | Reached skill level 1 in Throwing
  8640 | D:9      | Found a glowing silver altar of Zin.
  8640 | D:9      | Found a bloodstained altar of Trog.
  8641 | D:9      | Found a hide-covered altar of Uskayaw.
  8641 | D:9      | Found a hazy altar of Hepliaklqana.
  8641 | D:9      | Found a sacrificial altar of Ru.
  8642 | D:9      | Found a basalt altar of Yredelemnul.
  8724 | D:9      | You fall through a shaft for 3 floors!
  8797 | D:11     | Found a staircase to the Lair.
  8863 | D:11     | Noticed a purple ugly thing
  8873 | D:11     | Killed a purple ugly thing
  8882 | D:11     | Found a gate leading to a gauntlet.
  8894 | Gauntlet | Entered a Gauntlet
  8894 | Gauntlet | Found a transporter.
  8894 | Gauntlet | Found a transporter.
  8962 | Gauntlet | Found a transporter.
  8962 | Gauntlet | Found a transporter.
  8996 | Gauntlet | Reached skill level 11 in Axes
  9043 | Gauntlet | Found a transporter.
  9043 | Gauntlet | Found a transporter.
  9043 | Gauntlet | Noticed a sixfirhy
  9060 | Gauntlet | Killed a sixfirhy
  9122 | Gauntlet | Found a runed translucent door.
  9122 | Gauntlet | Found a runed translucent door.
  9122 | Gauntlet | Found a large runed translucent door.
  9122 | Gauntlet | Found a large runed translucent door.
  9122 | Gauntlet | Found a large runed translucent door.
  9122 | Gauntlet | Found a large runed translucent door.
  9122 | Gauntlet | Found a large runed translucent door.
  9122 | Gauntlet | Found a large runed translucent door.
  9122 | Gauntlet | Found a large runed translucent door.
  9122 | Gauntlet | Found a large runed translucent door.
  9122 | Gauntlet | Found a large runed translucent door.
  9122 | Gauntlet | Found a large runed translucent door.
  9123 | Gauntlet | Found a large runed translucent door.
  9123 | Gauntlet | Found a large runed translucent door.
  9124 | Gauntlet | Found a large runed translucent door.
  9124 | Gauntlet | Found a large runed translucent door.
  9124 | Gauntlet | Found a large runed translucent door.
  9124 | Gauntlet | Found a large runed translucent door.
  9125 | Gauntlet | Found a runed translucent gate.
  9125 | Gauntlet | Found a runed translucent gate.
  9125 | Gauntlet | Found a runed translucent gate.
  9126 | Gauntlet | Found a transporter.
  9138 | Gauntlet | Reached XP level 11. HP: 106/106 MP: 16/16
  9153 | Gauntlet | Found a transporter.
  9190 | Gauntlet | Found a transporter.
  9350 | Gauntlet | Found a transporter.
  9369 | Gauntlet | Noticed a minotaur
  9382 | Gauntlet | Killed a minotaur
  9421 | Gauntlet | Got a dazzling ring mail
  9432 | Gauntlet | Identified the cursed +0 ring mail of the Barber Surgeon
                  | {rC- Regen+ Dex-4 SInv} (You found it in a Gauntlet)
  9564 | D:11     | Found Sipput Munwi's Weapon Shoppe.
  9654 | D:11     | Noticed a two-headed ogre
  9813 | D:11     | Reached skill level 5 in Throwing
 10092 | D:11     | Found a staircase to the Orcish Mines.
 10283 | D:10     | Entered Level 10 of the Dungeon
 10398 | D:9      | Found a shimmering altar of Xom.
 11022 | D:10     | Reached skill level 12 in Axes
 11046 | D:10     | Reached skill level 10 in Fighting
 11498 | D:10     | Noticed Snorg
 11513 | D:10     | Killed Snorg
 12120 | D:11     | Killed a two-headed ogre
 13092 | D:11     | Killed an unseen horror
 13250 | D:4      | Bought a +5 ring of evasion for 605 gold pieces
 13836 | D:12     | Noticed Gastronok
 13852 | D:12     | Killed Gastronok
 13852 | D:12     | Reached XP level 12. HP: 117/117 MP: 17/17
 13995 | D:12     | Received a gift from Trog
 14344 | D:12     | Noticed Josephine
 14357 | D:12     | Killed Josephine
 14672 | D:12     | Reached skill level 13 in Axes
 14732 | D:12     | Found Biabo's Magic Scroll Boutique.
 14922 | D:12     | Noticed Rupert
 15317 | D:12     | Killed Rupert
 15607 | D:13     | Noticed a centaur warrior
 15613 | D:13     | Killed a centaur warrior
 16722 | D:14     | Noticed a centaur warrior
 16781 | Lair:1   | Entered Level 1 of the Lair of Beasts
 16834 | Lair:1   | Reached XP level 13. HP: 83/127 MP: 18/18
 17675 | Lair:1   | Upgraded the game from 0.24-a0-127-gfc1eed5 to
                  | 0.24-a0-130-ga3c21ff
 17953 | Lair:2   | Found a staircase to the Shoals.
 18070 | Lair:2   | Reached ***** piety under Trog
 18247 | Lair:2   | Reached skill level 14 in Axes
 18307 | Lair:2   | Found a hole to the Spider Nest.
 18765 | Lair:2   | Got a translucent long sword
 18766 | Lair:2   | Identified the +4 long sword of Aryove {slice, Int+3} (You
                  | found it on level 2 of the Lair of Beasts)
 19900 | Lair:4   | Reached skill level 1 in Shields
 20218 | Lair:4   | Found a shimmering altar of Xom.
 20235 | Lair:4   | Received a gift from Trog
 20297 | Lair:4   | Reached skill level 5 in Shields
 20378 | Lair:4   | Noticed a dire elephant
 20746 | Lair:4   | Killed a dire elephant
 21359 | Lair:5   | Found a frozen archway.
 21379 | IceCv    | Entered an ice cave
 21860 | IceCv    | Gained mutation: You resist negative energy. (rN+) [Deep
                  | Dwarf growth]
 21860 | IceCv    | Reached XP level 14. HP: 119/138 MP: 19/19
 22061 | IceCv    | Found an ancient bone altar of Kikubaaqudgha.
 22616 | IceCv    | Received a gift from Trog
 22703 | IceCv    | Got a bloodstained hat
 22714 | IceCv    | Identified the cursed +0 hat of the Salmon {Str+2} (You
                  | found it in an ice cave)
 23076 | Lair:5   | Reached skill level 10 in Shields
 23785 | Lair:6   | Entered Level 6 of the Lair of Beasts
 24767 | Lair:6   | Noticed Nr616's ghost (journeyman TrHu)
 24821 | Lair:6   | Found a runed translucent door.
 24969 | Lair:6   | Killed Nr616's ghost
 25809 | Lair:6   | Reached XP level 15. HP: 145/145 MP: 18/18
 25917 | Lair:6   | Found a viscous altar of Jiyva.
 25917 | Lair:6   | Found a staircase to the Slime Pits.
 25971 | Lair:6   | Identified the cursed +0 helmet of the Wary Souls {*Slow
                  | rF+ Dex+7} (You found it on level 6 of the Lair of Beasts)
 26530 | Orc:1    | Entered Level 1 of the Orcish Mines
 26664 | Orc:1    | Paralysed by an orc sorcerer for 7 turns
 26689 | Orc:1    | Found Gonnufeb's Distillery.
 26704 | Orc:1    | Bought a potion of curing for 48 gold pieces
 26704 | Orc:1    | Bought a potion of heal wounds for 80 gold pieces
 26704 | Orc:1    | Bought a potion of mutation for 128 gold pieces
 26706 | Orc:1    | Gained mutation: You occasionally shout uncontrollably at
                  | your foes. [potion of mutation]
 26706 | Orc:1    | Gained mutation: You passively map a large area around you.
                  | [potion of mutation]
 26706 | Orc:1    | Gained mutation: You are partially covered in slimy green
                  | scales. (AC +2) [potion of mutation]
 26706 | Orc:1    | Gained mutation: You are covered in fur. (AC +1) [potion of
                  | mutation]
 27294 | Orc:2    | Entered Level 2 of the Orcish Mines
 27294 | Orc:2    | Found a staircase to the Elven Halls.
 27358 | Orc:2    | Found a dark tunnel.
 27367 | Volcano  | Entered a volcano
 27386 | Volcano  | Found a bloodstained altar of Trog.
 27629 | Orc:2    | Paralysed by an orc sorcerer for 4 turns
 28133 | Orc:2    | Received a gift from Trog
 28139 | Orc:2    | Received a gift from Trog
 28158 | Orc:2    | Found Yptienic's Antique Armour Emporium.
 28273 | Orc:2    | Found Jurch's Gadget Shop.
 28292 | Orc:2    | Found Fulah's Book Shop.
 28294 | Orc:2    | Found Qoemorgh's Armour Emporium.
 28751 | D:14     | Reached skill level 15 in Axes
 29196 | D:14     | Found a gate to the Vaults.
 29326 | D:14     | Found a portal to a secret trove of treasure.
 29376 | D:14     | Found a basalt altar of Yredelemnul.
 29731 | D:15     | Entered Level 15 of the Dungeon
 29912 | D:15     | Noticed a Brimstone Fiend
 29936 | D:15     | HP: 5/225 [hell beast[a deep elf demonologist] (7)]
 30516 | D:15     | Found a staircase to the Depths.
 30517 | D:15     | Noticed a fire giant
 30522 | D:15     | Killed a fire giant
 30547 | D:15     | Reached XP level 16. HP: 71/158 MP: 8/18
 30562 | D:15     | Reached skill level 16 in Axes
 31559 | Spider:1 | Entered Level 1 of the Spider Nest
 33167 | Spider:1 | HP: 4/160 [poisoned by a wolf spider]
 33170 | Spider:1 | Succumbed to a wolf spider's poison

Levels and vault maps discovered:
D:1:      lightli_arrival_noodles, layout_basic
D:2:      layout_basic, grunt_qazlal_sundering, nicolae_overflow_hidden_temple,
          minmay_tripent
D:3:      layout_loops_corners, marbit_many_paths, lemuel_doored_altar,
          first_ration, uniq_natasha, uniq_ijyb
D:4:      layout_basic, overflow_temple_1_default, serial_shops, shop_coins,
          trog_book
D:5:      layout_loops_corners, nicolae_tso_besieged_by_evil,
          grunt_ministairs_14, fedhas_bush_and_centaur_altar
D:6:      layout_rooms, serial_co_window_serial, co_window_paths_a,
          co_window_of_opportunity_a, co_window_corner_a,
          co_window_of_opportunity_a, co_window_paths_b,
          co_window_of_opportunity_a, co_window_broadway_b,
          co_window_of_opportunity_b, co_window_corner_b, co_window_paths_e,
          chequers_serial_rivers_micro_e, supply_closet_lemuel, uniq_menkaure
D:7:      layout_loops_ring, kennysheep_little_box, temple_statues,
          grunt_livestock
D:8:      layout_cave_pools, uniq_grum
D:9:      layout_basic, old_standard_altar, grunt_temple_overflow_open
D:10:     layout_irregular_city, chequers_serial_rivers_room_a,
          hangedman_decor_points, kennysheep_pointless_box,
          chequers_serial_rivers_micro_a, uniq_snorg
D:11:     layout_stronghold, minmay_lair_entry_grove, erik_orc_1, serial_shops,
          shop, gauntlet_entry_generic
D:12:     layout_loops_corners, serial_shops, nicolae_shop_crystal,
          uniq_gastronok, uniq_josephine, uniq_rupert
D:13:     layout_irregular_city
D:14:     layout_loops_corners, erik_vaults_2, lemuel_round_altar,
          enter_trove_3, hangedman_decor_slide_cut
D:15:     grunt_enter_depths_giant_problem, layout_loops_ring
Temple:   corrupted_temple
Lair:1:   layout_small_grid, minmay_lair_oklob_chamber
Lair:2:   layout_hall_layers, minmay_shoals_entry_centaurs, spider_nest_entry_a,
          grunt_megastairs_2
Lair:3:   layout_cave_pods, serial_bayou_shore_b, infiniplex_staircase_pool_2
Lair:4:   beast_lair_carwin_large_3, layout_small_grid, basic_altar,
          grunt_megastairs_5
Lair:5:   layout_cave_pods, portal_ice_cave_demonic_guard,
          minmay_stone_trees_medium, grunt_megastairs_3, serial_bayou_shore_b
Lair:6:   minmay_lair_end_frog_pond, layout_gridlike,
          dpeg_slime_entry_enclosed_altar, hellmonk_ghost_happy_afterlife,
          kennysheep_basilisk_garden
Spider:1: layout_spider_delve
Spider:2: layout_spider_delve
Orc:1:    layout_diamond_mine, serial_shops, nicolae_shop_stone
Orc:2:    st_orc_elflike, layout_diamond_mine, nicolae_volcano_entry_s_turn
IceCv:    ice_cave_small_necro
Volcano:  kennysheep_volcano_temple
Gauntlet: gammafunk_gauntlet_shortcut [gammafunk_gauntlet_arena_crates,
          nicolae_gauntlet_arena_t_cross,
          gammafunk_gauntlet_arena_split_diamond, nicolae_gauntlet_arena_x,
          minmay_gauntlet_arena_make_your_own_arena,
          gammafunk_gauntlet_arena_spirals, gauntlet_exit_hidden_loot]

Skill      XL: |  1  2  3  4  5  6  7  8  9 10 11 12 13 14 15 16 |
---------------+-------------------------------------------------+-----
Fighting       | 3 4 5 6 7 9 10 11 12 13 14 | 14.5
Axes           | 4 5 6 7 8 9 11 12 13 14 15 16 | 16.7
Armour         | 3 4 5 6 8 9 |  9.3
Dodging        | 3 4 5 6 8 9 |  9.2
Evocations     | 3 7 |  7.9
Throwing       | 4 6 |  6.2
Shields        | 8 14 | 14.6

Action                   |  1- 3 |  4- 6 |  7- 9 | 10-12 | 13-15 | 16-18 || total
-------------------------+-------+-------+-------+-------+-------+-------++-------
Melee: Hand axe          |   100 |   230 |   361 |   706 |  2016 |   352 ||  3765
Throw: Javelin           |       |       |     3 |    27 |     5 |       ||    35
Invok: Berserk           |     1 |     3 |     5 |    25 |    16 |     7 ||    57
       Trog's Hand       |       |     2 |     8 |    24 |    45 |    11 ||    90
 Abil: Heal Wounds       |       |     1 |     1 |     5 |     7 |       ||    14
Evoke: Wand              |       |       |     4 |    47 |    53 |     3 ||   107
  Use: Scroll            |     6 |     2 |     7 |    16 |    17 |     3 ||    51
       Potion            |     2 |       |     1 |     6 |    10 |     3 ||    22
 Stab: Paralysed         |       |       |       |     4 |       |       ||     4
       Invisible         |       |       |       |     2 |       |       ||     2
       Confused          |       |       |       |       |     6 |       ||     6
       Petrified         |       |       |       |       |       |     3 ||     3
  Eat: Chunk             |     1 |     8 |    12 |    33 |    35 |     4 ||    93
       Ration            |       |     1 |     3 |     8 |    13 |     4 ||    29
Armor: Animal skin       |     6 |       |       |       |       |       ||     6
       Scale mail        |    40 |    16 |       |       |       |       ||    56
       Chain mail        |       |    92 |   181 |    27 |       |       ||   300
       Plate armour      |       |       |       |    35 |    71 |       ||   106
       Fire dragon scale |       |       |       |    77 |   251 |   122 ||   450
       Ring mail         |       |       |       |    19 |       |       ||    19
Dodge: Dodged            |    63 |   101 |   180 |   322 |   734 |   200 ||  1600
Block: Large shield      |       |       |       |       |  1166 |   395 ||  1561

Table legend:
 A = Non-vault XP
 B = Vault XP
 C = Vault XP percentage of total XP
 D = Non-vault monster count
 E = Vault monster count
 F = Vault count percentage of total count
                 A         B        C        D         E       F
            +---------+---------+-------+---------+---------+-------
      Total |  103416 |   72797 |  41.3 |     638 |     259 |  28.9
            +---------+---------+-------+---------+---------+-------
        D:1 |      47 |       0 |   0.0 |      22 |       0 |   0.0
        D:2 |     253 |      15 |   5.6 |      20 |       2 |   9.1
        D:3 |     131 |      73 |  35.8 |      39 |       3 |   7.1
        D:4 |     435 |       0 |   0.0 |      25 |       0 |   0.0
        D:5 |     688 |     127 |  15.6 |      27 |       9 |  25.0
        D:6 |     379 |     172 |  31.2 |       9 |       1 |  10.0
        D:7 |    1016 |     985 |  49.2 |      19 |       5 |  20.8
        D:8 |    1254 |     660 |  34.5 |      19 |       5 |  20.8
        D:9 |    2118 |       0 |   0.0 |      41 |       0 |   0.0
       D:10 |    2853 |    1140 |  28.5 |      31 |       1 |   3.1
       D:11 |    2686 |    2090 |  43.8 |       9 |      27 |  75.0
       D:12 |    4902 |    7551 |  60.6 |      40 |       8 |  16.7
       D:13 |    3621 |       0 |   0.0 |      22 |       0 |   0.0
       D:14 |    6462 |    8009 |  55.3 |      23 |       8 |  25.8
       D:15 |   16863 |    1637 |   8.8 |      42 |       1 |   2.3
     Lair:1 |    4265 |     831 |  16.3 |      21 |       3 |  12.5
     Lair:2 |    5592 |    1209 |  17.8 |      26 |       8 |  23.5
     Lair:3 |    1968 |       0 |   0.0 |      11 |       0 |   0.0
     Lair:4 |    3273 |    6388 |  66.1 |      16 |      14 |  46.7
     Lair:5 |    5688 |    1562 |  21.5 |      20 |       5 |  20.0
     Lair:6 |   16211 |   14412 |  47.1 |      37 |      55 |  59.8
   Spider:1 |   13112 |       0 |   0.0 |      29 |       0 |   0.0
   Spider:2 |    3942 |       0 |   0.0 |       9 |       0 |   0.0
      Orc:1 |    3160 |       0 |   0.0 |      49 |       0 |   0.0
      Orc:2 |    2497 |    8097 |  76.4 |      32 |      25 |  43.9
      IceCv |       0 |    6739 | 100.0 |       0 |      54 | 100.0
    Volcano |       0 |    7023 | 100.0 |       0 |       8 | 100.0
   Gauntlet |       0 |    4077 | 100.0 |       0 |      17 | 100.0
            +---------+---------+-------+---------+---------+-------
